 Dungeon Sprint DCSS version 0.14-a0-2564-g94087c3 (webtiles) character file.

12 Jenx the Grappler (level 4, -4/44 HPs)
             Began as a Troll Monk on Feb 11, 2014.
             Was a Believer of Okawaru.
             Killed by an exploding giant spore (19 damage)
             ... in the Dungeon (Sprint VI: "Thunderdome").
             The game lasted 00:02:37 (264 turns).

Jenx the Grappler (Troll Monk)                       Turns: 264, Time: 00:02:37

HP  -4/44        AC  5     Str 19      XL: 4   Next: 26%
MP   2/2         EV 10     Int  6      God: Okawaru [**....]
Gold 55          SH  0     Dex 13      Spells:  0 memorised,  3 levels left

rFire  . . .     SeeInvis .       - Unarmed
rCold  . . .     Clarity  .     a - +0 robe
rNeg   . . .     Conserve .     (shield restricted)
rPois  .         rCorr    .     (helmet restricted)
rElec  .         rRot     .     (no cloak)
SustAb . .       Spirit   .     (gloves unavailable)
rMut   .         Warding  .     (boots unavailable)
Gourm  +         NoTele   +     (no amulet)
MR     .....                    (no ring)
                                (no ring)

@: confused, not resistant to hostile enchantments, very unstealthy
A: unfitting armour, claws 3, fast metabolism 3, gourmand, regeneration 2,
saprovore 2, shaggy fur 1, tough skin 2
a: Heroism, Renounce Religion


You were in the Dungeon.
You worshipped Okawaru.
Okawaru was pleased with you.
You were full.

You visited 1 branch You collected 220 gold pieces.
You spent 165 gold pieces at shops.

Inventory:

Armour
 a - a +0 robe (worn)
Magical devices
 i - a wand of cold (5)
 j - a wand of fire (5)
Comestibles
 b - 2 meat rations
Scrolls
 h - 7 scrolls of blinking
 k - 3 scrolls of fog
Potions
 d - 2 potions of heal wounds
 e - 4 potions of speed
 f - 2 potions of magic
 g - a potion of berserk rage
 l - a potion of resistance


   Skills:
 - Level 2.4 Fighting
 - Level 2.4 Dodging
 - Level 1.1 Stealth
 * Level 9.4 Unarmed Combat


You had 3 spell levels left.
You didn't know any spells.

Dungeon Overview and Level Annotations

Branches:
Dungeon (1/1)

Altars:
Cheibriados
Dithmenos
Elyvilon
Fedhas
Kikubaaqudgha
Makhleb
Nemelex Xobeh
Okawaru
Sif Muna
Trog
Vehumet
Xom
Yredelemnul
Zin
The Shining One
Jiyva
Lugonu

Shops:
D *[%??*?*:[((!!!!


Innate Abilities, Weirdness & Mutations

You are too large for most types of armour.
You have claws for hands.
Your metabolism is lightning-fast.
You like to eat raw meat.
You heal very quickly.
You can eat rotten meat.
You are covered in fur (AC +1).
You have very tough skin (AC +2).


Message History

You hit the ballistomycete.
The ballistomycete is almost destroyed.
You claw the ballistomycete!
You destroy the ballistomycete!
A giant spore comes into view.
The giant spore waves its rhizomes.
A giant spore comes into view.
The giant spore waves its rhizomes.
The giant spore explodes!
The explosion of spores engulfs you!
You are confused.
Ouch! That really hurt!
A fungus suddenly grows.
An active ballistomycete comes into view.
Ouch! Unknown command.
The giant spore explodes!
The explosion of spores engulfs you!
You are more confused.
You die...

##∩.....∩## #∩..[....∩#
#_......._# #.........#
#........_# ###.........###
#⌠.ff........⌠#
######.8.........8.######
##∩___...@..###........_∩#
###∩.....[..8.# #.8........∩
##.[...........###...........
#⌠..........###...###........
#⌠..........# #.<.# #........
#⌠..........###...###........
##.............###...........
###∩...f....8.# #.8........∩
##∩___......###........_∩#


You could see an active ballistomycete.

Vanquished Creatures
  A worker ant (D)
  An orc wizard (D)
  Jessica (D)
  Terence (D)
  A giant newt (D)
  A ballistomycete (D)
6 creatures vanquished.

Vanquished Creatures (others)
  A giant spore (D)
1 creature vanquished.

Grand Total: 7 creatures vanquished

Notes
Turn   | Place    | Note
--------------------------------------------------------------
     0 | D        | Jenx, the Troll Monk, began the quest for the Orb.
     0 | D        | Reached XP level 1. HP: 22/22 MP: 1/1
     1 | D        | Found a glowing golden altar of the Shining One.
     3 | D        | Found a viscous altar of Jiyva.
     3 | D        | Found a glowing silver altar of Zin.
     4 | D        | Found Xaakuc's Staff Store.
     4 | D        | Found Schyac Oh Foq's Must-Have Magic.
     5 | D        | Found Loydouq's Distillery.
     5 | D        | Round 1.
     6 | D        | Found an iron altar of Okawaru.
     7 | D        | Found Ojames' Magic Scroll Shop.
     7 | D        | Found Ocriul's Magic Scroll Shop.
    14 | D        | Found a white marble altar of Elyvilon.
    33 | D        | Became a worshipper of Warmaster Okawaru
    33 | D        | Acquired Okawaru's first power
    35 | D        | Bought 3 scrolls of blinking for 165 gold pieces
    41 | D        | Found a radiant altar of Vehumet.
    41 | D        | Found a basalt altar of Yredelemnul.
    41 | D        | Found Oppaip's Bee Food.
    41 | D        | Found Blam's Jewellery.
    42 | D        | Found a bloodstained altar of Trog.
    43 | D        | Found Isattul's Advanced Armour.
    43 | D        | Found a deep blue altar of Sif Muna.
    43 | D        | Found a blossoming altar of Fedhas.
    43 | D        | Found Smue's Identification Station.
    43 | D        | Noticed Jessica
    51 | D        | Killed Jessica
    51 | D        | Reached skill level 6 in Unarmed Combat
    51 | D        | Reached XP level 2. HP: 21/29 MP: 1/1
    84 | D        | Reached skill level 8 in Unarmed Combat
    84 | D        | Reached XP level 3. HP: 28/36 MP: 2/2
    94 | D        | Found a corrupted altar of Lugonu.
    96 | D        | Found a burning altar of Makhleb.
    96 | D        | Found a shadowy altar of Dithmenos.
    97 | D        | Found Pioch's Premium Goods.
    98 | D        | Found Faigic's Miscellaneous Merchandise.
    99 | D        | Found a shimmering altar of Xom.
    99 | D        | Found a snail-covered altar of Cheibriados.
    99 | D        | Found an ancient bone altar of Kikubaaqudgha.
   100 | D        | Found Ithupilo's Weapon Rack.
   100 | D        | Found Par Buom's Basic Armour.
   107 | D        | Found a sparkling altar of Nemelex Xobeh.
   108 | D        | Found Okixaof's Do-It-Yourself Clinic.
   109 | D        | Found Psieri's Bottled Wisdom.
   111 | D        | Found Hano's Distillery.
   153 | D        | Noticed Terence
   172 | D        | Killed Terence
   176 | D        | Arena points: 12 (+12) [x2]
   176 | D        | Reached skill level 9 in Unarmed Combat
   176 | D        | Reached XP level 4. HP: 26/44 MP: 2/2
   213 | D        | Round 2.
   264 | D        | Killed by an exploding giant spore

Action                   |  1- 3 |  4- 6 || total
-------------------------+-------+-------++-------
Melee: Unarmed           |    26 |     4 ||    30
  Use: Potion            |     2 |     1 ||     3
